 Dungeon Crawl Stone Soup version 0.31-a0-221-gbddc013574 (webtiles) character file.

Game seed: 5910535895619351066

3110 RepHenryClay the Basher (level 10, -2/74 (76) HPs)
             Began as a Formicid Fighter on July 4, 2023.
             Was a Believer of Okawaru.
             Slain by a wight
             ... wielding a +0 scimitar
              (9 damage)
             ... on level 8 of the Dungeon.
             The game lasted 00:09:25 (6355 turns).

RepHenryClay the Basher (Formicid Fighter)          Turns: 6355, Time: 00:09:26

HP:   -2/74 (76)    AC: 13    Str: 30    XL:     10   Next: 13%
MP:   10/10         EV:  9    Int:  7    God:    Okawaru [**....]
Gold: 226           SH:  6    Dex: 21    Spells: 9/9 levels left

rFire   + + .        D - +2 hand axe (venom)
rCold   + . .        c - +0 buckler
rNeg    . . .        n - +1 chain mail {rF+}
rPois   +            (helmet unavailable)
rElec   +            (no cloak)
rCorr   +            s - +0 pair of gloves
SInv    +            y - +0 pair of boots
Will    +....        t - amulet of faith Stlth
                     q - +6 ring of dexterity
HPRegen 0.32/turn    A - +6 ring of strength
MPRegen 0.12/turn

%: faith
@: resistant, studying Axes, lightly drained
A: permanent stasis, dig shafts and tunnels, antennae 3, four strong arms
a: Dig, Shaft Self, Renounce Religion, Heroism


You were on level 8 of the Dungeon.
You worshipped Okawaru.
Okawaru was pleased with you.
You visited 2 branches of the dungeon, and saw 9 of its levels.

You collected 382 gold pieces.
You spent 156 gold pieces at shops.

Inventory:

Hand Weapons
 a - a +1 mace of protection
 D - a +2 hand axe of venom (weapon)
Armour
 c - a +0 buckler (worn)
 n - a +1 chain mail of fire resistance (worn)
 s - a +0 pair of gloves (worn)
 x - the orb "Hetreded" {mayhem, Harm rN+}
   (You found it on level 5 of the Dungeon)

   rN:        It protects you from negative energy.
   Harm:      It increases damage dealt and taken.
 y - a +0 pair of boots (worn)
Jewellery
 e - a ring of ice
 j - a +6 ring of intelligence
 q - a +6 ring of dexterity (left hand)
 t - an amulet of faith (around neck)
 A - a +6 ring of strength (right hand)
 B - a ring of flight
Wands
 d - a wand of flame (26)
 E - a wand of polymorph (9)
Scrolls
 b - a scroll of teleportation {unknown}
 f - 5 scrolls of revelation {unknown}
 g - 7 scrolls of identify {unknown}
 h - 2 scrolls of enchant weapon {unknown}
 k - 5 scrolls of vulnerability {unknown}
 p - 2 scrolls of fog {unknown}
 w - a scroll of silence {unknown}
 z - a scroll of enchant armour {unknown}
 F - a scroll of acquirement {unknown}
Potions
 i - 2 potions of curing
 l - 3 potions of cancellation {unknown}
 m - a potion of mutation {unknown}
 o - a potion of degeneration {unknown}
 r - a potion of resistance
 u - a potion of heal wounds {unknown}
 v - a potion of lignification {unknown}
 C - a potion of attraction {unknown}


   Skills:
 + Level 6.0 Fighting
 - Level 12.0 Maces & Flails
 + Level 6.0 Armour
 - Level 4.0 Shields


You had 9 spell levels left.
You didn't know any spells.
Your spell library contained the following spells:

 Spells                   Type           Power      Damage    Failure   Level
 Scorch                   Fire           0%         2d5       97%         2
 Stone Arrow              Conj/Erth      0%         3d7       99%         3
 Flame Wave               Conj/Fire      0%         2d4       100%        4
 Passage of Golubria      Tloc           0%         N/A       100%        4
 Yara's Violent Unravell  Hex/Tmut       0%         3d3       100%        5
 Lehudib's Crystal Spear  Conj/Erth      0%         10d2      100%        8
 Tukima's Dance           Hex            Unusable   N/A       N/A         3
 Animate Armour           Summ/Erth      Unusable   N/A       N/A         4
 Summon Cactus Giant      Summ           Unusable   N/A       N/A         6

Dungeon Overview and Level Annotations

Branches:
Dungeon (8/15)             Temple (1/1) D:6
   Lair: D:8-11

Altars:
Ashenzari
Cheibriados
Dithmenos
Elyvilon
Fedhas
Gozag
Hepliaklqana
Kikubaaqudgha
Makhleb
Nemelex Xobeh
Okawaru
Qazlal
Ru
Sif Muna
Uskayaw
Vehumet
Wu Jian
Xom
Yredelemnul
Zin
The Shining One

Shops:
D:5 (   D:7 [

Annotations:
D:4 1 transporter, pigah's ghost, amateur OpWn


Innate Abilities, Weirdness & Mutations

You cannot be hasted, slowed, berserked, paralysed or teleported.
You can dig through walls and to a lower floor.
You have a pair of large antennae on your head. (SInv)
Your four strong arms can wield two-handed weapons with a shield.


Message History

You slash the wight!
The wight is almost destroyed.
You hit the wight but do no damage. You closely miss the wight.
You block the wight's attack.
The wight hits you with a +3 long sword!
The wight hits you with a +3 battleaxe of freezing!
The wight freezes you.
Huge Dmg: -30%(-23hp) hp: 49%(37hp)
You hit the wight but do no damage.
The wight is almost destroyed.
You hit the wight. You hit the wight but do no damage.
You hit the wight but do no damage.
The wight is almost destroyed.
You hit the wight but do no damage. x2
The wight hits you with a +3 battleaxe of freezing.
The wight freezes you. You block the wight's attack.
The wight hits you with a +3 long sword!
* * * LOW HITPOINT WARNING * * *
The wight closely misses you. x2; The wight hits you but does no damage.
Huge Dmg: -14%(-11hp) hp: 35%(26hp)
You slash the wight!
You destroy the wight!
Okawaru accepts your kill.
You closely miss the wight. You hit the wight but do no damage.
Your Fighting skill increases to level 6!
Your Armour skill increases to level 6!
You barely miss the wight. You slash the wight!
The wight hits you with a +0 scimitar!
* * * LOW HITPOINT WARNING * * *
You feel drained.
* * * LOW HITPOINT WARNING * * *
The wight hits you with a +3 battleaxe of freezing!
* * * LOW HITPOINT WARNING * * *
The wight freezes you.
* * * LOW HITPOINT WARNING * * *
Huge Dmg: -27%(-20hp) hp: 9%(6hp) It was a potion of resistance.
You feel protected. The wight hits you with a +0 scimitar!
You die...

# .## #.## #..##
##...#
..####....##
#?.....zz..##...
#.....)@.......
#...#####...##.
#.. ..# # ##


You could see 2 wights.

Vanquished Creatures
  The ghost of innerfire43 the Trooper, a novice DsMo of Sif Muna (D:5)
  A wyvern (D:7)
  A water moccasin (D:7)
  4 ice beasts
  An ogre (D:6)
  2 sky beasts
  A black bear (D:4)
  2 centaurs
  3 phantoms
  A kobold brigand (D:6)
  2 bullfrogs
  4 scorpions (D:5)
  A gnoll sergeant (D:5)
  3 wights
  A water moccasin skeleton (D:5)
  3 hounds
  2 jellies
  5 iguanas
  A centaur skeleton (D:5)
  Terence (D:2)
  An orc wizard (D:3)
  A howler monkey skeleton (D:5)
  5 gnolls (D:5)
  7 adders
  2 shadow imps (D:7)
  2 white imps
  An ufetubus (D:5)
  3 worms
  7 dart slugs
  15 orcs
  4 ball pythons
  5 endoplasms
  6 giant cockroaches
  6 goblins
  5 hobgoblins
  3 jackals (D:1)
  7 quokkas
  5 bats
  3 frilled lizards
  17 kobolds
  4 rats
149 creatures vanquished.

Vanquished Creatures (others)
  A human (D:6)
  An orc wizard (D:3)
2 creatures vanquished.

Grand Total: 151 creatures vanquished

Notes
Turn   | Place    | Note
-------+----------+-------------------------------------------
     0 | D:1      | RepHenryClay the Formicid Fighter began the quest for the
                  | Orb.
     0 | D:1      | Reached XP level 1. HP: 18/18 MP: 1/1
    72 | D:1      | Reached XP level 2. HP: 22/24 MP: 2/2
   181 | D:1      | Reached skill level 3 in Maces & Flails
   208 | D:1      | Reached XP level 3. HP: 24/29 MP: 3/3
   803 | D:2      | Reached skill level 4 in Maces & Flails
   803 | D:2      | Reached XP level 4. HP: 35/35 MP: 4/4
   860 | D:2      | Noticed Terence
   876 | D:2      | Killed Terence
  1281 | D:2      | Reached XP level 5. HP: 39/41 MP: 5/5
  1506 | D:3      | Reached skill level 5 in Maces & Flails
  2439 | D:4      | Found a stormy altar of Qazlal.
  2540 | D:4      | Reached XP level 6. HP: 47/47 MP: 6/6
  2685 | D:4      | Found an opulent altar of Gozag.
  2727 | D:4      | Noticed pigah's ghost (amateur OpWn)
  2729 | D:4      | Found a transporter.
  2729 | D:4      | Noticed a black bear
  2740 | D:4      | Killed a black bear
  2741 | D:4      | Reached skill level 6 in Maces & Flails
  2890 | D:4      | Reached skill level 7 in Maces & Flails
  2890 | D:4      | Reached XP level 7. HP: 49/52 MP: 7/7
  3112 | D:4      | Found a sparkling altar of Nemelex Xobeh.
  3247 | D:4      | Found a glowing silver altar of Zin.
  3298 | D:5      | Entered Level 5 of the Dungeon
  3333 | D:5      | Reached skill level 8 in Maces & Flails
  3408 | D:5      | Found a runed translucent gate.
  3408 | D:5      | Found a runed translucent gate.
  3408 | D:5      | Found a runed translucent gate.
  3409 | D:5      | Noticed innerfire43's ghost (novice DsMo)
  3421 | D:5      | Reached XP level 8. HP: 54/58 MP: 8/8
  3467 | D:5      | Reached skill level 9 in Maces & Flails
  3498 | D:5      | Found Qappyk's Antique Weapon Boutique.
  3559 | D:5      | Bought a runed mace for 156 gold pieces
  3739 | D:5      | Reached skill level 10 in Maces & Flails
  3771 | D:5      | Identified the orb "Hetreded" {mayhem, Harm rN+}
  3927 | D:5      | Found a shimmering altar of Xom.
  3940 | D:5      | Found a sacrificial altar of Ru.
  4142 | D:5      | Found a white marble altar of Elyvilon.
  4277 | D:5      | Killed innerfire43's ghost
  4278 | D:5      | Reached skill level 11 in Maces & Flails
  4278 | D:5      | Reached XP level 9. HP: 31/64 MP: 9/9
  4426 | D:6      | Found a staircase to the Ecumenical Temple.
  4445 | Temple   | Entered the Ecumenical Temple
  4640 | Temple   | Became a worshipper of Warmaster Okawaru
  4814 | D:6      | Reached skill level 12 in Maces & Flails
  5389 | D:6      | Found an ancient bone altar of Kikubaaqudgha.
  5616 | D:7      | Reached * piety under Okawaru
  5819 | D:7      | Reached skill level 5 in Fighting
  5819 | D:7      | Reached skill level 5 in Armour
  5972 | D:7      | Reached XP level 10. HP: 74/74 MP: 10/10
  6001 | D:7      | Found Qoosu's Antique Armour Boutique.
  6208 | D:7      | Reached ** piety under Okawaru
  6355 | D:8      | Slain by a wight

Illustrated notes

Levels and vault maps discovered:
D:1:      lightli_arrival_windingriver, layout_rooms
D:2:      layout_loops_ring, serial_bayou, serial_bayou_lagoon_a,
          serial_bayou_pond_d, serial_bayou_pond_c, serial_bayou_pond_a,
          minmay_stone_trees_medium, uniq_terence
D:3:      layout_loops_corners, grunt_ministairs_6, serial_bayou_pond_c
D:4:      layout_rooms, mainiacjoe_overflow_chevrons, zin_scriptorium,
          nemelex_diamond_rough_becter, grunt_gozag_statues,
          gammafunk_ghost_smash, hex_tiny, kennysheep_doodads,
          amcnicky_mini_corridor_feature, minmay_manual_mullet
D:5:      layout_rooms, elyvilon_altar_5, overflow_temple_1_default,
          mainiacjoe_overflow_surrounded_room, gammafunk_ghost_necromancy,
          serial_shops, shop, lightli_minifort
D:6:      layout_layer_cave, tgw_kikubaaqudgha, minmay_temple_entry_junction
D:7:      layout_rooms, serial_shops, shop
D:8:      layout_layer_cave, bloody_trog, minmay_misc_feat_roman, abandoned_shop
Temple:   oiseaux_autumnal_temple

Skill      XL: |  1  2  3  4  5  6  7  8  9 10 |
---------------+-------------------------------+-----
Maces & Flails | 3 4 5 7 8 11 12 | 12.0
Fighting       | 5 6 |  6.0
Armour         | 5 6 |  6.0
Shields        | |  4.0

Action                     |  1- 3 |  4- 6 |  7- 9 | 10-12 || total
---------------------------+-------+-------+-------+-------++-------
  Melee: Flail             |   120 |   160 |    75 |       ||   355
         Mace              |       |       |   227 |       ||   227
         Hand axe          |       |       |    15 |    39 ||    54
    Use: Potion            |       |     1 |     1 |     1 ||     3
 Armour: Scale mail        |    40 |       |       |       ||    40
         Chain mail        |    16 |    96 |   152 |    15 ||   279
  Dodge: Dodged            |    50 |    53 |   104 |    11 ||   218
  Block: Buckler           |    29 |    34 |    61 |    10 ||   134

Table legend: (Time is in decaauts)
 A = Elapsed time spent in this place.
 B = Non-inter-level travel time spent in this place.
 C = Inter-level travel time spent in this place.
 D = Time resting spent in this place.
 E = Time spent auto-exploring this place.
 F = Levels seen in this place.
 G = Mean time per level.
                   A        B        C        D        E       F      G
               +--------+--------+--------+--------+--------+-----+--------+
         Total |   6437 |   6279 |    158 |    140 |   4816 |   9 |  715.2 |
       Dungeon |   6213 |   6081 |    132 |    140 |   4631 |   8 |  776.6 |
        Temple |    223 |    197 |     26 |      0 |    185 |   1 |  223.0 |
               +--------+--------+--------+--------+--------+-----+--------+

Top non-repeatable levels by time:
     D:3: 1114 daAuts
     D:5: 1112 daAuts
     D:4: 944 daAuts
     D:6: 932 daAuts
     D:2: 769 daAuts
     D:7: 746 daAuts
     D:1: 583 daAuts
  Temple: 223 daAuts
     D:8: 10 daAuts
